 Dungeon Crawl Stone Soup version 0.30.1-11-g7821555f0a (webtiles) character file.

Game seed: 16891679957944512149

51 Sin92 the Trooper (level 3, -2/29 HPs)
             Began as a Demonspawn Fighter on Nov 6, 2023.
             Slain by a worm (5 damage)
             ... on level 2 of the Dungeon.
             The game lasted 00:04:16 (1134 turns).

Sin92 the Trooper (Demonspawn Fighter)              Turns: 1134, Time: 00:04:18

Health: -2/29      AC: 11    Str: 18    XL:     3   Next: 57%
Magic:  3/3        EV:  5    Int:  9    God:
Gold:   107        SH:  0    Dex: 12    Spells: 2/2 levels left

rFire   + . .        a - +0 war axe
rCold   x . .        c - +0 buckler
rNeg    . . .        h - +0 plate armour
rPois   .            (no helmet)
rElec   .            (no cloak)
rCorr   .            (no gloves)
SInv    .            (no boots)
Will    .....        (no amulet) Stlth
                     k - ring of fire
HPRegen 0.24/turn    (no ring)
MPRegen 0.08/turn

%: no passive effects
@: confused
A: hooves 1, ignite blood 1
a: no special abilities


You were on level 2 of the Dungeon.
You visited 1 branch of the dungeon, and saw 2 of its levels.

You collected 107 gold pieces.

Inventory:

Hand Weapons
 a - a +0 war axe (weapon)
Armour
 b - a +0 scale mail
 c - a +0 buckler (worn)
 h - a +0 plate armour (worn)
Jewellery
 k - a ring of fire (left hand)
Scrolls
 f - 2 scrolls of immolation {unknown}
 g - a scroll of teleportation {unknown}
 i - a scroll of blinking {unknown}
Potions
 d - a potion of might
 j - a potion of berserk rage {unknown}


   Skills:
 + Level 3.2 Fighting
 * Level 2.5 Axes
 + Level 3.0 Armour
 + Level 0.7 Dodging
 + Level 3.0 Shields


You had 2 spell levels left.
You didn't know any spells.
Your spell library was empty.

Dungeon Overview and Level Annotations

Branches:
Dungeon (2/15)

Altars:

Shops:
D:1 *   D:2 [

Annotations:
D:2 Sigmund


Innate Abilities, Weirdness & Mutations

You have large cloven feet.
Your demonic aura sometimes causes spilled blood to erupt in flames.


Message History

You completely miss something.
Sigmund appears from thin air!
Reactivating autopickup.
Sigmund hits you but does no damage.
You barely miss Sigmund. Your kick misses Sigmund.
Sigmund hits you with a +0 scythe.
You barely miss Sigmund. Your kick misses Sigmund.
You feel less confused.
Sigmund gestures wildly while chanting.
Sigmund flickers and vanishes!
Deactivating autopickup; reactivate with Ctrl-A.
You closely miss something.
You hear some strange, mumbled words.
A puff of flame appears from out of thin air!
The puff of flame misses you.
You hear some strange, mumbled words.
You are confused.
Something hits you!
You bump into the rock wall.
Something hits you but does no damage.
You completely miss something. Your kick misses something.
You feel less confused. Something hits you.
You hit something but do no damage. You kick something. You hit the worm.
Something hits you! The worm bites you but does no damage.
You hit something but do no damage. You hit the worm but do no damage.
Something hits you but does no damage. The worm bites you!
* * * LOW HITPOINT WARNING * * *
You hit something but do no damage. You hit the worm.
You hear some strange, mumbled words.
A puff of flame appears from out of thin air!
The puff of flame hits you but does no damage.
You resist. The worm barely misses you.
Unknown command.
You hit the worm.
The worm is moderately wounded.
You miss something.
You hear some strange, mumbled words.
You are confused.
The worm bites you.
You die...

.........## ..........
.........### ...........##
........... .......w.#..##
###...(.....# . .........##..###
...........#.# .........###...#
#...........#
.........#####.#####..........##
.......#<....#{@...#............
..............w..#.....†......#
...$...##..###................#
....... #..........#...(.......#
....... #.....#.####.#.......#.#
...(... #.∩...#..............#.
....... #.....######..........#
.... #.....#####........####.
....w###.....#.........†...+ .


You could see a worm.

Vanquished Creatures
  An adder (D:2)
  2 worms
  A dart slug (D:1)
  2 endoplasms
  A giant cockroach (D:1)
  4 goblins (D:1)
  5 hobgoblins (D:1)
  4 kobolds
  A quokka (D:1)
  2 ball pythons (D:1)
  4 bats
  A frilled lizard (D:1)
  2 rats (D:1)
30 creatures vanquished.

Notes
Turn   | Place    | Note
-------+----------+-------------------------------------------
     0 | D:1      | Sin92 the Demonspawn Fighter began the quest for the Orb.
     0 | D:1      | Reached XP level 1. HP: 18/18 MP: 1/1
   210 | D:1      | Gained mutation: You have large cloven feet. [demonic
                  | ancestry]
   210 | D:1      | Reached XP level 2. HP: 22/24 MP: 2/2
   370 | D:1      | Found Idookhlab's General Store.
   534 | D:1      | Gained mutation: Your demonic aura sometimes causes spilled
                  | blood to erupt in flames. [demonic ancestry]
   534 | D:1      | Reached XP level 3. HP: 26/29 MP: 3/3
   736 | D:1      | Found a faded altar of an unknown god.
   902 | D:2      | Found Fivuk's Antique Armour Shoppe.
   903 | D:2      | Noticed Sigmund
  1134 | D:2      | Slain by a worm

Illustrated notes

Levels and vault maps discovered:
D:1:      dpeg_arrival_concentric_ovals, layout_basic, serial_shops, shop,
          dreamdust_ecumenical_altar_hidden_monk_grotto, nicolae_wormholes
D:2:      layout_rooms, serial_shops, nicolae_shop_window_shopping, shop,
          nicolae_square_shop, uniq_sigmund

Skill      XL: |  1  2  3 |
---------------+----------+-----
Axes           | 2 |  2.5
Armour         | 3 |  3.0
Shields        | 3 |  3.0
Fighting       | |  3.2
Dodging        | |  0.7

Action                     || total
---------------------------++-------
  Melee: War axe           ||    82
         Kick              ||    10
    Use: Potion            ||     1
 Armour: Scale mail        ||    14
         Plate armour      ||    46
  Dodge: Dodged            ||    18
  Block: Buckler           ||    17
